AoeStats
← chenya_ko

Arabia

507597651Analyzed
1v1 RM · 15d ago on Sep 18, 2026· 41m 37s· 2 players
Game mode
Random Map
Map size
Tiny (2 player)
Population
200
Speed
Normal
Resources
Standard
Victory
Conquest
Starting age
Dark Age
Ending age
Imperial Age
RankedLock teamsTeams togetherTeam positionsShared explorationLock speedFull tech treeHidden civsTurbo modeCheats
Victory
Defeat
🇹🇼 Japanese · Taiwan
1031
+16
🇪🇸 Bengalis · Spain
1025
-16
errecarrero
7:24 Loom
10:59 Feudal Age
16:54 Castle Age
16:37 Padded Archer Armor
16:48 Forging
16:45 Double-Bit Axe
19:55 Fletching
21:07 Gold Mining
22:59 Bodkin Arrow
30:40 Leather Archer Armor
31:33 Horse Collar
33:22 Bow Saw
37:00 Masonry
39:33 Ballistics
39:53 Heavy Plow
chenya_ko
1:38 Loom
10:02 Feudal Age
10:19 Man-at-Arms
14:07 Double-Bit Axe
14:50 Fletching
16:47 Wheelbarrow
21:26 Castle Age
19:35 Arson
19:36 Horse Collar
19:49 Gold Mining
21:15 Forging
21:15 Scale Mail Armor
21:40 Long Swordsman
22:49 Squires
23:47 Iron Casting
24:15 Chain Mail Armor
24:53 Gold Shaft Mining
24:43 Padded Archer Armor
24:53 Gambesons
26:03 Bodkin Arrow
27:15 Leather Archer Armor
27:11 Town Watch
28:13 Leather Archer Armor
28:17 Elite Skirmisher
30:38 Stone Mining
32:08 Bow Saw
34:40 Ballistics
37:11 Hand Cart
37:46 Heavy Plow
40:23 Imperial Age
42:07 Chemistry
40:35 Two-Handed Swordsman
41:49 Plate Mail Armor
Connection lost

Rejoining the realm…

Still unreachable

The connection could not be restored.

Session expired

The server has moved on; the page needs a fresh start.